 Dungeon Crawl Stone Soup version 0.24-a0-784-g601f8f6d22 (webtiles) character file.

Game seed: 7679195764797285115, levelgen mode: deterministic

3861 HumanIsDead the Nimble (level 10, -8/63 HPs)
             Began as a Human Ice Elementalist on Oct 9, 2019.
             Was a Believer of Sif Muna.
             Mangled by a polar bear (13 damage)
             ... on level 7 of the Dungeon.
             The game lasted 00:41:59 (9675 turns).

HumanIsDead the Nimble (Human Ice Elementalist)     Turns: 9675, Time: 00:41:59

Health: -8/63      AC:  6    Str:  9    XL:     10   Next: 41%
Magic:  28/41      EV: 18    Int: 18    God:    Sif Muna [**....]
Gold:   329        SH:  0    Dex: 14    Spells: 20/27 levels left

rFire    . . .     SeeInvis .   e - +4 hunting sling
rCold    . . .     Gourm    .   (no shield)
rNeg     . . .     Faith    .   a - +0 robe
rPois    .         Spirit   .   (no helmet)
rElec    .         Reflect  .   x - +2 cloak
rCorr    .         Harm     .   q - +0 pair of gloves
MR       .....                  (no boots)
Stlth    ++........             (no amulet)
HPRegen  0.20/turn              h - ring of magical power
MPRegen  0.27/turn              t - ring of magical power

@: no status effects
A: no striking features
a: Channel Magic, Renounce Religion


You were on level 7 of the Dungeon.
You worshipped Sif Muna.
Sif Muna was pleased with you.
You were hungry.

You visited 2 branches of the dungeon, and saw 9 of its levels.
You also visited: Sewer.

You collected 329 gold pieces.

Inventory:

Hand Weapons
 e - a +4 hunting sling (weapon)
 n - a +0 dagger
 s - a +1 dagger of flaming
Missiles
 k - 90 stones (quivered)
Armour
 a - a +0 robe (worn)
 o - a +0 shield
 q - a +0 pair of gloves (worn)
 x - a +2 cloak (worn)
Jewellery
 h - a ring of magical power (left hand)
 t - a ring of magical power (right hand)
 D - an uncursed ring of protection from cold
Wands
 p - a wand of acid (11)
 F - a wand of digging (5)
Scrolls
 b - 4 scrolls of identify
 f - a scroll of enchant weapon {unknown}
 m - a scroll of magic mapping
 r - 2 scrolls of amnesia {unknown}
 w - 2 scrolls of fear {unknown}
 y - 2 scrolls of remove curse
 B - 2 scrolls of teleportation {unknown}
 E - a scroll of blinking {unknown}
Potions
 d - 2 potions of heal wounds
 g - a potion of lignification {unknown}
 i - 2 potions of agility {unknown}
 j - 2 potions of brilliance
 l - 2 potions of invisibility
 u - a potion of mutation
 v - 4 potions of flight
 z - 2 potions of curing
 A - a potion of magic {unknown}
Comestibles
 c - 3 rations


   Skills:
 + Level 9.7 Dodging
 - Level 2.0 Stealth
 + Level 9.0 Spellcasting
 - Level 4.0 Conjurations
 - Level 4.1 Ice Magic


You had 20 spell levels left.
You knew the following spells:

 Your Spells              Type           Power        Failure   Level  Hunger
a - Freeze                Ice            ###.         1%          1    None
b - Throw Frost           Conj/Ice       ###...       2%          2    None
c - Throw Icicle          Conj/Ice       ###.....     16%         4    ###....

Your spell library contained the following spells:

 Spells                   Type           Power        Failure   Level  Hunger
 Summon Small Mammal      Summ           #...         9%          1    None
 Ozocubu's Armour         Chrm/Ice       ###.....     11%         3    None
 Call Imp                 Summ           #.......     13%         2    None
 Call Canine Familiar     Summ           #.......     26%         3    None
 Summon Guardian Golem    Hex/Summ       #.......     26%         3    None
 Summon Ice Beast         Ice/Summ       ###.....     36%         4    ###....
 Summon Lightning Spire   Summ/Air       #.......     65%         4    ###....


Dungeon Overview and Level Annotations

Branches:
Dungeon (8/15)             Temple (1/1) D:5           Sewer (visited)
   Lair: D:8-11

Altars:
Ashenzari
Cheibriados
Elyvilon
Fedhas
Gozag
Hepliaklqana
Kikubaaqudgha
Makhleb
Okawaru
Qazlal
Ru
Sif Muna
Trog
Vehumet
Wu Jian
Xom
Yredelemnul
Zin
The Shining One

Shops:
D:4 %   D:5 *(((

Annotations:
D:5 3 runed translucent doors, Gynju's ghost, amateur DEFE


Message History

Casting: Freeze (safe; 1% risk of failure)
Confirm with . or Enter, or press ? or * to list all spells.
Aiming: Freeze (safe; 1% risk of failure)
Press: ? - help, Shift-Dir - straight line, f/p - polar bear
Aim: a polar bear (almost dead, berserk, fast, unusually strong)
The polar bear resists.
You freeze the polar bear.
The polar bear is almost dead.
The polar bear misses you. The polar bear closely misses you.
The polar bear misses you.
Casting: Freeze (safe; 1% risk of failure)
Confirm with . or Enter, or press ? or * to list all spells.
Aiming: Freeze (safe; 1% risk of failure)
Press: ? - help, Shift-Dir - straight line, f/p - polar bear
Aim: a polar bear (almost dead, berserk, fast, unusually strong)
The polar bear resists.
You freeze the polar bear.
The polar bear is almost dead.
The polar bear completely misses you.
The polar bear claws you but does no damage. x2
The polar bear bites you!
You die...

##### #...#
#########.#.###########
...........>...h@.....#
####....#.#.#########.#
#....#.#.# #.#
#....#'#'##### #.#
#............# #.#
#####........# #.#
#........#####.#
#........'.....#
#........#########


You could see a polar bear (berserk).

Vanquished Creatures
  Pikel (D:5)
  A hippogriff (D:7)
  A hungry ghost (D:5)
  Edmund (D:5)
  An orc warrior (D:7)
  3 sky beasts (D:6)
  5 ogres
  3 centaurs
  A big kobold (Sewer)
  Blork the orc (D:5)
  A water moccasin zombie (D:5)
  2 bullfrogs
  3 scorpions
  13 killer bees
  7 howler monkeys
  A crimson imp (D:7)
  An orc priest (D:4)
  3 orc wizards
  A centaur skeleton (D:7)
  4 hounds
  2 jellies
  An iguana (D:8)
  4 worker ants
  A hound zombie (D:7)
  2 howler monkey skeletons (D:7)
  6 adders
  3 shadow imps
  An ufetubus (D:8)
  An ooze (D:4)
  2 adder skeletons (D:5)
  2 worms (D:3)
  A dart slug (D:1)
  4 leopard geckos
  14 orcs
  A ball python (D:2)
  3 bats
  4 giant cockroaches
  3 goblins
  6 hobgoblins
  7 jackals
  3 kobolds
  4 quokkas
  3 frilled lizards
  14 rats
146 creatures vanquished.

Vanquished Creatures (others)
  A worker ant zombie (D:5)
1 creature vanquished.

Grand Total: 147 creatures vanquished

Notes
Turn   | Place    | Note
-------+----------+-------------------------------------------
     0 | D:1      | HumanIsDead the Human Ice Elementalist began the quest for
                  | the Orb.
     0 | D:1      | Reached XP level 1. HP: 13/13 MP: 3/3
   249 | D:1      | Reached XP level 2. HP: 18/19 MP: 0/5
   363 | D:1      | Learned a level 2 spell: Throw Frost
  1343 | D:2      | Reached XP level 3. HP: 24/24 MP: 4/6
  2210 | D:3      | Reached XP level 4. HP: 30/30 MP: 6/8
  2653 | D:4      | Noticed an ogre
  2659 | D:4      | Killed an ogre
  2659 | D:4      | Reached XP level 5. HP: 12/35 MP: 2/9
  2971 | D:4      | Reached XP level 6. HP: 27/41 MP: 4/11
  3182 | D:4      | Learned a level 4 spell: Throw Icicle
  3715 | D:4      | Reached XP level 7. HP: 31/46 MP: 6/13
  3959 | D:4      | Found Liojuw's Food Shoppe.
  4001 | D:5      | Entered Level 5 of the Dungeon
  4007 | D:5      | Found a runed translucent gate.
  4007 | D:5      | Found a runed translucent gate.
  4007 | D:5      | Found a staircase to the Ecumenical Temple.
  4007 | D:5      | Found a runed translucent gate.
  4024 | Temple   | Entered the Ecumenical Temple
  4076 | Temple   | Became a worshipper of Sif Muna the Loreminder
  4102 | D:5      | Found Zessuss's Antique Weapon Boutique.
  4127 | D:5      | Found Cuel's Weapon Emporium.
  4192 | D:5      | Found a glowing drain.
  4205 | Sewer    | Entered a sewer
  4314 | Sewer    | Found a white marble altar of Elyvilon.
  4488 | D:5      | Noticed Blork the orc
  4496 | D:5      | Killed Blork the orc
  4496 | D:5      | Reached skill level 5 in Dodging
  4499 | D:5      | Noticed Edmund
  4516 | D:5      | Killed Edmund
  4516 | D:5      | Reached XP level 8. HP: 35/52 MP: 15/15
  4656 | D:5      | Reached skill level 5 in Spellcasting
  5324 | D:5      | Reached * piety under Sif Muna
  5443 | D:5      | Reached XP level 9. HP: 37/57 MP: 18/18
  5564 | D:5      | Noticed Pikel
  5589 | D:5      | Killed Pikel
  5869 | D:5      | Found Saren's Assorted Antiques.
  5948 | D:5      | Found Zuserphuf's Weapon Boutique.
  5962 | D:5      | Noticed Gynju's ghost (amateur DEFE)
  6142 | D:6      | Found a burning altar of Makhleb.
  6144 | D:6      | Found a stormy altar of Qazlal.
  6157 | D:6      | Found a bloodstained altar of Trog.
  6157 | D:6      | Found an iron altar of Okawaru.
  6157 | D:6      | Found a hazy altar of Hepliaklqana.
  6158 | D:6      | Found a glowing silver altar of Zin.
  7692 | D:7      | Reached XP level 10. HP: 58/63 MP: 22/22
  7766 | D:7      | Reached ** piety under Sif Muna
  9675 | D:7      | Mangled by a polar bear

Levels and vault maps discovered:
D:1:      dpeg_arrival_erosion, layout_basic, hangedman_decor_push
D:2:      layout_loops_corners, roderic_lattice_a
D:3:      layout_basic
D:4:      layout_loops_ring, first_ration, serial_shops, shop
D:5:      layout_loops_ring, minmay_temple_entry_mist,
          ebering_ghost_rock_garden, serial_shops,
          nicolae_shop_overgrown_old_shop, nicolae_shop_behind_doors, shop,
          shop, gup_sewer_entry_bubbles, uniq_pikel, uniq_blork_the_orc,
          uniq_edmund
D:6:      layout_gridville, grunt_temple_overflow_open
D:7:      layout_basic, lemuel_another_geyser
D:8:      layout_cave_pods, nemelex_xobeh_ov_fountains_minmay,
          grunt_dithmenos_shadows, lemuel_coloured_pillars_altar, serial_shops,
          nicolae_shop_window_shopping, serial_ice, serial_ice_n, serial_ice_a,
          serial_ice_l, serial_ice_f, serial_ice_b, serial_ice_h, serial_ice_d,
          basic_altar
Temple:   cyrus_circular_temple

Skill      XL: |  1  2  3  4  5  6  7  8  9 10 |
---------------+-------------------------------+-----
Dodging        | 3 4 5 6 8 9 |  9.7
Spellcasting   | 3 4 6 8 9 |  9.0
Ice Magic      | 4 |  4.1
Conjurations   | 2 3 4 |  4.0
Stealth        | |  2.0

Action                   |  1- 3 |  4- 6 |  7- 9 | 10-12 || total
-------------------------+-------+-------+-------+-------++-------
Melee: Unarmed           |     1 |       |       |       ||     1
 Fire: Hunting sling     |    27 |    53 |   184 |    56 ||   320
 Cast: Freeze            |    28 |    31 |   138 |    97 ||   294
       Throw Frost       |    17 |     4 |     8 |     2 ||    31
Evoke: Wand              |       |       |     1 |       ||     1
  Use: Scroll            |       |       |    10 |       ||    10
       Potion            |       |       |     2 |       ||     2
  Eat: Chunk             |     5 |     5 |     9 |     5 ||    24
       Ration            |       |       |     5 |       ||     5
Armor: Robe              |     3 |     1 |    57 |    24 ||    85
Dodge: Dodged            |    13 |    23 |   148 |   125 ||   309

Table legend:
 A = Non-vault XP
 B = Vault XP
 C = Vault XP percentage of total XP
 D = Non-vault monster count
 E = Vault monster count
 F = Vault count percentage of total count
                 A         B        C        D         E       F
            +---------+---------+-------+---------+---------+-------
      Total |    4463 |    1054 |  19.1 |     128 |      18 |  12.3
            +---------+---------+-------+---------+---------+-------
        D:1 |      22 |       0 |   0.0 |      12 |       0 |   0.0
        D:2 |      25 |       0 |   0.0 |      13 |       0 |   0.0
        D:3 |      40 |       0 |   0.0 |      12 |       0 |   0.0
        D:4 |     522 |       0 |   0.0 |      21 |       0 |   0.0
        D:5 |    1156 |     938 |  44.8 |      18 |       9 |  33.3
        D:6 |     934 |       0 |   0.0 |      19 |       0 |   0.0
        D:7 |    1727 |       0 |   0.0 |      32 |       0 |   0.0
        D:8 |      37 |       8 |  17.8 |       1 |       1 |  50.0
      Sewer |       0 |     108 | 100.0 |       0 |       8 | 100.0
            +---------+---------+-------+---------+---------+-------
